[Event "Aimchess US Rapid Prelims 2021"]
[Site "Chess24"]
[Date "2021.08.25"]
[Round "2.5"]
[White "Naroditsky, Daniel"]
[Black "Liang, Awonder"]
[Result "0-1"]
[ECO "A01"]
[WhiteElo "2623"]
[BlackElo "2587"]
[Annotator "ChessBase"]
[PlyCount "78"]
[EventDate "2021.08.28"]
[EventType "tourn"]
[EventCountry "NET"]
[Tiebreak "Direct encounter+Number of wins+Koya"]
[SourceTitle "playchess.com"]
[Source "ChessBase"]
[SourceQuality "1"]
[TimeControl "900+10"]

1. b3 e5 2. Bb2 Nc6 3. c4 Nge7 4. e3 d5 5. cxd5 Nxd5 6. a3 Bd6 7. Qc2 Bd7 8. Nf3 Qe7 9. d3 O-O-O 10. b4 f5 11. Nbd2 Rhf8 12. Nc4 a6 13.
Be2 Kb8 14. O-O g5 15. d4 e4 16. Nfe5 Bxe5 17. Nxe5 Nxe5 18. dxe5 f4 19. Bd4 f3 20. Bc4 Bc6 21. Bc5 Qd7 22. Rfd1 Qg4 23. Bf1 fxg2 24. Bxg2 Nf4 25. exf4 e3 26. Rxd8+ Rxd8 27. fxe3 gxf4 28. h3 Qg7 29. exf4 Rg8 30. Ra2 Qf7 31. Qb1 Qd5 32. Qc2 Qe6 33. f5 Qxe5 34. Qd1 b6 35. Bd4 Qd5 36. Qd2 Qxf5 37. Qc3 Qe4 38. Kf1 Qb1+ 39. Qe1 Bb5+ 0-1

[Event "Aimchess US Rapid Prelims 2021"]
[Site "Chess24"]
[Date "2021.08.25"]
[Round "15.1"]
[White "Carlsen, Magnus"]
[Black "Duda, Jan-Krzysztof"]
[Result "1/2-1/2"]
[ECO "B22"]
[WhiteElo "2847"]
[BlackElo "2738"]
[Annotator "ChessBase"]
[PlyCount "248"]
[EventDate "2021.08.28"]
[EventType "tourn"]
[EventCountry "NET"]
[Tiebreak "Direct encounter+Number of wins+Koya"]
[SourceTitle "playchess.com"]
[Source "ChessBase"]
[SourceQuality "1"]
[TimeControl "900+10"]

1. e4 c5 2. Nf3 e6 3. c3 Nf6 4. e5 Nd5 5. Bc4 d6 6. d4 Nb6 7. Bb3 cxd4 8. cxd4 Bd7 9. O-O Bc6 10. Nc3 Be7 11. exd6 Qxd6 12. Ne5 N8d7 13. Nxc6 bxc6 14. Ne4 Qb4 15. a3 Qb5 16. Nc3 Qa6 17. Qg4 Bf6 18. Ne4 O-O 19. Bc2 Qc4 20. Nxf6+ Nxf6 21. Qd1 Rfd8 22. Be3 Qb5 23. Qc1 Nbd5 24. Bg5 h6 25. Bh4 a5 26. Rd1 Rdc8 27. Bg3 c5 28. dxc5 Rxc5 29. Qd2 Rac8 30. Bd3 Qb3 31. h3 a4 32. Bd6 R5c6 33. Be5 Nd7 34. Bd4 Nc5 35. Bc2 Qb5 36. Bxc5 Rxc5 37. Be4 Qb6 38. Rac1 g5 39. Rxc5 Rxc5 40. Qd4 Rc1 41. Bh7+ Kxh7 42. Qd3+ Kg7 43. Rxc1 Qxb2 44. Rc2 Qa1+ 45. Kh2 h5 46. Rc4 Qe5+ 47. Qg3 Qf6 48. h4 g4 49. Rxa4 e5 50. Re4 Nf4 51. a4 Qd6 52. a5 Qd5 53. Qe3 f5 54. Rxf4 exf4 55.
Qe7+ Kg8 56. Qg5+ Kf8 57. a6 g3+ 58. fxg3 f3 59. a7 fxg2 60.
Qxh5 Kg7 61. Qe2 Qc5 62. Kxg2 Qxa7 63. Qe5+ Kg8 64. Qxf5 Qb7+ 65. Kh2 Kh8 66. Qe5+ Kh7 67. g4 Qb3 68. h5 Kg8 69. Qf6 Qd3 70. Kg2 Qe3 71. Qf3 Qe5 72. Kh3 Qg5 73. Qe4 Kh8 74. Kg3 Qf6 75. Qf4 Qe7 76. Qd4+ Kg8 77. Kf4 Qf7+ 78. Kg5 Qe7+ 79. Qf6 Qe3+ 80. Kg6 Qe4+ 81. Qf5 Qc6+ 82. Kg5 Qc1+ 83. Qf4 Qc5+ 84. Kh4 Qc6 85. Qg5+ Kh8 86. Qe5+ Kh7 87. Kg5 Qh6+ 88. Kf5 Qf8+ 89. Ke4 Qb4+ 90. Kf3 Qa3+ 91. Kg2 Qa6 92. Qe4+ Kh8 93. g5 Qd6 94. Kh3 Qd7+ 95. Kh4 Qf7 96. Qd4+ Kg8 97. Qd8+ Kg7 98. h6+ Kh7 99. Qd3+ Kh8 100. Qd4+ Kh7 101. Qe4+ Kh8 102. Kg3 Qc7+ 103. Qf4 Qd7 104. Kh4 Qb7 105. Qf8+ Kh7 106. Qf5+ Kh8 107. Kh5 Qf7+ 108. Kg4 Qc4+ 109. Kg3 Qc3+ 110. Qf3 Qe5+ 111. Kh4 Qh2+ 112. Kg4 Qc7 113.
Qe4 Qd7+ 114. Kh4 Qf7 115. Qd4+ Kh7 116. Qd3+ Kh8 117. Qc3+ Kh7 118. Qc2+ Kh8 119. Kg3 Qd7 120. Qe2 Qd6+ 121.
Kg4 Qd7+ 122. Kh4 Qf7 123. Qe5+ Kh7 124. Qe4+ Kh8 1/2-1/2